 Dungeon Crawl Stone Soup version 0.30-a0-778-g2ef04afb54 (webtiles) character file.

Game seed: 12597772777288275789

4350 Shayle the Conjurer (level 10, -2/76 HPs)
             Began as a Demonspawn Conjurer on Feb 15, 2023.
             Was an Initiate of Ashenzari.
             Slain by a yak (6 damage)
             ... on level 9 of the Dungeon.
             The game lasted 00:21:24 (9213 turns).

Shayle the Conjurer (Demonspawn Conjurer)           Turns: 9213, Time: 00:21:24

Health: -2/76      AC:  9    Str:  7    XL:     10   Next: 12%
Magic:  2/18       EV: 14    Int: 24    God:    Ashenzari [......]
Gold:   515        SH:  0    Dex: 12    Spells: 6/20 levels left

rFire   . . .      SeeInvis +    t - +8 mace of Shayle's Misery {heavy, Will+}
rCold   . . .      Faith    .    (no shield)
rNeg    . . .      Spirit   .    a - +0 robe
rPois   +          Reflect  .    (no helmet)
rElec   .          Harm     .    e - +0 cloak
rCorr   .          Rampage  .    d - +0 pair of gloves
Will    +....                    p - +2 pair of boots
Stlth   +++                      g - amulet of the acrobat
HPRegen 0.32/turn                l - ring of poison resistance
MPRegen 0.16/turn                m - ring of see invisible

@: no status effects
A: yellow scales 1, powered by death 2, demonic magic 1
a: Renounce Religion, Curse Item


You were on level 9 of the Dungeon.
You worshipped Ashenzari.
Ashenzari was noncommittal.
You visited 2 branches of the dungeon, and saw 10 of its levels.

You collected 545 gold pieces.
You spent 30 gold pieces at shops.

Inventory:

Hand Weapons
 c - a +2 short sword
 t - the +8 mace of Shayle's Misery (weapon) {heavy, Will+}
   (You found it on level 3 of the Dungeon)

   Will:      It increases your willpower.
Armour
 a - a +0 robe (worn)
 d - a +0 pair of gloves (worn)
 e - a +0 cloak (worn)
 p - a +2 pair of boots (worn)
Jewellery
 g - an amulet of the acrobat (around neck)
 l - a ring of poison resistance (left hand)
 m - a ring of see invisible (right hand)
 r - a ring of ice
Wands
 x - a wand of light (7)
 B - a wand of paralysis (18)
 E - a wand of iceblast (9)
Scrolls
 h - a scroll of fog
 j - 5 scrolls of teleportation
 q - a scroll of enchant weapon
 s - a scroll of poison
 w - 7 scrolls of identify
 y - a scroll of torment {unknown}
 A - a scroll of amnesia {unknown}
 C - a scroll of fear
 D - a scroll of brand weapon {unknown}
Potions
 b - 2 potions of magic
 i - 2 potions of might
 k - 12 potions of curing
 n - a potion of attraction {unknown}
 o - 2 potions of flight
 u - 3 potions of mutation
 v - 2 potions of lignification {unknown}
 z - a potion of degeneration {unknown}


   Skills:
 + Level 6.0 Fighting
 + Level 5.9 Dodging
 - Level 5.6 Stealth
 + Level 5.9 Spellcasting
 + Level 7.4 Conjurations
 + Level 3.9 Hexes
 + Level 3.5 Translocations


You had 6 spell levels left.
You knew the following spells:

 Your Spells              Type           Power      Damage    Failure   Level
a - Magic Dart            Conj           100%       1d8       1%          1
b - Searing Ray           Conj           84%        2d7       1%          2
c - Dazzling Flash        Conj/Hex       68%        N/A       2%          3
d - Fulminant Prism       Conj/Hex       17%        3d10      8%          4
e - Iskenderun's Mystic   Conj/Tloc      33%        2d8       9%          4

Your spell library contained the following spells:

 Spells                   Type           Power      Damage    Failure   Level
 Apportation              Tloc           48%        N/A       1%          1
 Lesser Beckoning         Tloc           48%        N/A       2%          2
 Static Discharge         Conj/Air       50%        2-5/arc   2%          2
 Gell's Gravitas          Tloc           24%        N/A       5%          3
 Hailstorm                Conj/Ice       25%        3d7       5%          3
 Teleport Other           Tloc           24%        N/A       5%          3
 Sting                    Tmut/Pois      28%        1d4       9%          1
 Sublimation of Blood     Necr           7%         N/A       12%         2
 Vhi's Electric Charge    Tloc/Air       30%        N/A       12%         3
 Kindle Blastsparks       Fire/Tloc/Air  24%        2d12      14%         3
 Sticky Flame             Conj/Fire      25%        2d5       17%         4
 Ignite Poison            Fire/Tmut/Pois 7%         N/A       24%         3
 Arcjolt                  Conj/Air       12%        1d22      43%         5
 Irradiate                Conj/Tmut      12%        3d15      43%         5
 Lightning Bolt           Conj/Air       12%        1d26      43%         5
 Ice Form                 Ice/Tmut       7%         N/A       63%         4
 Petrify                  Tmut/Erth      7%         N/A       63%         4
 Freezing Cloud           Conj/Ice/Air   9%         6-21      63%         5
 Alistair's Intoxication  Tmut/Pois      4%         N/A       92%         5
 Eringya's Noxious Bog    Tmut/Pois      3%         N/A       100%        6
 Dragon Form              Tmut           3%         N/A       100%        7
 Ozocubu's Refrigeration  Ice            3%         4d8       100%        7
 Storm Form               Tmut/Air       3%         N/A       100%        7
 Ignition                 Fire           3%         3d4       100%        8


Dungeon Overview and Level Annotations

Branches:
Dungeon (9/15)             Temple (1/1) D:7
   Lair: D:8-11         Orc: D:9-12

Altars:
Ashenzari
Cheibriados
Dithmenos
Fedhas
Gozag
Hepliaklqana
Nemelex Xobeh
Qazlal
Ru
Trog
Uskayaw
Wu Jian
Xom
Yredelemnul
Lugonu

Shops:
D:1 !   D:8 (


Innate Abilities, Weirdness & Mutations

You are partially covered in yellow scales. (AC +2)
You regenerate health from kills.
Spells you cast may paralyse adjacent enemies.


Message History

The yak closely misses you. The troll barely misses you. x2
The troll closely misses you.
Unknown command.
You feel much better. The yak closely misses you. The yak gores you.
The troll bites you but does no damage. The troll misses you.
The troll barely misses you.
You hit the troll but do no damage.
The troll is severely wounded.
The yak barely misses you. The yak completely misses you.
The troll misses you. x3
The yak barely misses you. The yak closely misses you. The troll misses you. x2
The troll closely misses you. The yak misses you.
Ashenzari invites you to partake of a vision and a curse of melee combat and fortitude.
You closely miss the troll.
The troll is severely wounded.
The yak closely misses you. The troll bites you!
* * * LOW HITPOINT WARNING * * *
The troll barely misses you. The troll closely misses you. The yak gores you.
* * * LOW HITPOINT WARNING * * *
The yak closely misses you. The troll barely misses you. The troll misses you.
The troll claws you.
* * * LOW HITPOINT WARNING * * *
The yak completely misses you.
You feel much better. The yak gores you but does no damage.
The troll bites you.
* * * LOW HITPOINT WARNING * * *
The troll closely misses you. The troll claws you but does no damage.
The yak gores you!
* * * LOW HITPOINT WARNING * * *
Aiming: Bolt of Light
Press: ? - help, Shift-Dir - straight line, f - troll
Aim: a troll (heavily wounded, 71% to hit)
The bolt of light hits the troll!
The troll is almost dead.
The troll is blinded.
The yak closely misses you. The troll closely misses you. x3
The yak gores you.
* * * LOW HITPOINT WARNING * * *
You completely miss the troll.
The troll is almost dead.
The yak gores you.
You die...

.# .# ##
....#
###.#..
#.....
#.#.##
#.Y..#.#
#@T....#
##Y....#
##.#.....
.# ....
.# .#. ..
# ##


You could see 2 yaks and a troll (blind).

Vanquished Creatures
  A troll (D:7)
  7 yaks
  Duvessa (D:6)
  2 black bears (D:6)
  An orc warrior (D:7)
  4 ice beasts
  2 ogres
  3 centaurs
  A kobold brigand (D:5)
  2 phantoms
  5 bullfrogs
  2 scorpions
  Dowan (D:6)
  3 killer bees (D:8)
  2 howler monkeys (D:7)
  3 hounds
  2 orc priests
  A gnoll bouda (D:8)
  5 jellies
  4 iguanas
  Natasha (thrice) (D:3)
  9 orc wizards
  5 gnolls (D:8)
  7 adders
  3 shadow imps (D:4)
  5 white imps
  3 ufetubi
  5 worms
  3 dart slugs
  19 orcs
  11 ball pythons
  5 endoplasms
  3 giant cockroaches
  10 goblins
  2 hobgoblins (D:1)
  4 jackals (D:3)
  9 kobolds
  4 quokkas
  7 bats
  4 frilled lizards
  2 goblin skeletons (D:5)
  3 goblin zombies (D:5)
  2 hobgoblin zombies (D:5)
  A kobold skeleton (D:5)
  A kobold zombie (D:5)
  An orc skeleton (D:5)
  An orc zombie (D:5)
  6 rats
190 creatures vanquished.

Vanquished Creatures (others)
  25 fulminant prisms
25 creatures vanquished.

Grand Total: 215 creatures vanquished

Notes
Turn   | Place    | Note
-------+----------+-------------------------------------------
     0 | D:1      | Shayle the Demonspawn Conjurer began the quest for the Orb.
     0 | D:1      | Reached XP level 1. HP: 13/13 MP: 3/3
   239 | D:1      | Gained mutation: Spells you cast may paralyse adjacent
                  | enemies. [demonic ancestry]
   239 | D:1      | Reached XP level 2. HP: 20/20 MP: 0/5
   624 | D:1      | Learned a level 2 spell: Searing Ray
   891 | D:1      | Found Ukluot's Distillery.
   897 | D:1      | Bought a potion of curing for 30 gold pieces
   926 | D:1      | Reached skill level 1 in Fighting
  1065 | D:1      | Reached XP level 3. HP: 26/26 MP: 3/6
  1416 | D:2      | Found a blossoming altar of Fedhas.
  1816 | D:2      | Gained mutation: You are partially covered in yellow
                  | scales. (AC +2) [demonic ancestry]
  1816 | D:2      | Reached XP level 4. HP: 32/32 MP: 2/7
  2081 | D:3      | Found a faded altar of an unknown god.
  2223 | D:3      | Found a shadowy altar of Dithmenos.
  2347 | D:3      | Identified the +8 mace of Shayle's Misery {heavy, Will+}
  2864 | D:3      | Gained mutation: You regenerate a little health from kills.
                  | [demonic ancestry]
  2864 | D:3      | Reached XP level 5. HP: 21/38 MP: 4/9
  3026 | D:3      | Noticed Natasha
  3028 | D:3      | Killed Natasha
  3040 | D:3      | Noticed Natasha
  3047 | D:3      | Killed Natasha
  3229 | D:3      | Noticed Natasha
  3234 | D:3      | Killed Natasha
  3359 | D:4      | Reached XP level 6. HP: 46/46 MP: 5/10
  3677 | D:4      | Reached skill level 5 in Conjurations
  3918 | D:4      | Gained mutation: You regenerate health from kills. [demonic
                  | ancestry]
  3918 | D:4      | Reached XP level 7. HP: 49/52 MP: 1/12
  4461 | D:4      | Found a hide-covered altar of Uskayaw.
  4462 | D:4      | Noticed a +0 dagger
  4463 | D:4      | Noticed a +0 dagger
  4727 | D:5      | Entered Level 5 of the Dungeon
  5021 | D:5      | Found an opulent altar of Gozag.
  5053 | D:5      | Identified a scroll of acquirement
  5053 | D:5      | Acquired the Compilation of Graupel and Vicissitude
  5254 | D:5      | Reached XP level 8. HP: 60/60 MP: 1/14
  5768 | D:6      | Noticed Duvessa
  5769 | D:6      | Noticed Dowan
  5783 | D:6      | Killed Duvessa
  5784 | D:6      | Reached skill level 6 in Conjurations
  5879 | D:6      | Killed Dowan
  5947 | D:6      | Learned a level 3 spell: Dazzling Flash
  5952 | D:6      | Learned a level 4 spell: Fulminant Prism
  5957 | D:6      | Learned a level 4 spell: Iskenderun's Mystic Blast
  6215 | D:6      | Reached skill level 5 in Stealth
  6278 | D:6      | Reached skill level 1 in Hexes
  6349 | D:6      | Reached skill level 1 in Translocations
  6768 | D:6      | Reached XP level 9. HP: 65/67 MP: 4/16
  7186 | D:7      | Found an ornate altar of the Wu Jian Council.
  7196 | D:7      | Reached skill level 5 in Dodging
  7202 | D:7      | Reached skill level 5 in Spellcasting
  7270 | D:7      | Noticed a troll
  7302 | D:7      | Killed a troll
  7303 | D:7      | Reached skill level 5 in Fighting
  7436 | D:7      | Found a staircase to the Ecumenical Temple.
  7451 | Temple   | Entered the Ecumenical Temple
  7543 | Temple   | Became a worshipper of Ashenzari the Shackled
  8267 | D:8      | Found Iferpher's Weapon Shoppe.
  8283 | D:8      | Reached skill level 7 in Conjurations
  8401 | D:8      | Found a stormy altar of Qazlal.
  8605 | D:8      | Reached XP level 10. HP: 68/76 MP: 1/18
  9207 | D:9      | HP: 3/76 [yak (10)]
  9212 | D:9      | HP: 3/76 [yak (4)]
  9213 | D:9      | Slain by a yak

Illustrated notes

Levels and vault maps discovered:
D:1:      nicolae_arrival_memento_mori, layout_basic, serial_shops,
          nicolae_diamond_shop
D:2:      layout_rooms, basic_altar, chequers_serial_rivers_small_a
D:3:      layout_loops_ring, nicolae_dithmenos_shadow_blocks,
          chequers_ecumenical_altar_island, uniq_natasha
D:4:      layout_cave_pods, dancing_weapons_uskayaw, serial_demonic,
          serial_demonic_b, serial_demonic_b, serial_demonic_d, serial_demonic_b
D:5:      layout_rooms, mainiacjoe_overflow_catwalk,
          nicolae_tso_besieged_by_evil
D:6:      layout_basic, uniq_duvessa
D:7:      layout_basic, old_standard_altar, minmay_temple_entry_wispy
D:8:      layout_loops_ring, grunt_qazlal_sundering, serial_shops, shop,
          st_stairs_7
D:9:      layout_loops_ring, okawaru_altar_gauntlet_db
Temple:   kb_corrupted_temple

Skill      XL: |  1  2  3  4  5  6  7  8  9 10 |
---------------+-------------------------------+-----
Stealth        | 2 3 4 5 |  5.6
Dodging        | 2 3 4 5 |  5.9
Fighting       | 1 2 3 4 5 6 |  6.0
Spellcasting   | 3 4 5 |  5.9
Conjurations   | 5 6 7 |  7.4
Hexes          | 1 3 |  3.9
Translocations | 1 3 |  3.5

Action                     |  1- 3 |  4- 6 |  7- 9 | 10-12 || total
---------------------------+-------+-------+-------+-------++-------
  Melee: Unarmed           |     6 |       |       |       ||     6
         Short sword       |    31 |     8 |       |       ||    39
         Punch             |     1 |       |       |       ||     1
         Mace              |       |    17 |    91 |    13 ||   121
   Cast: Magic Dart        |    56 |    27 |    22 |       ||   105
         Searing Ray       |     5 |    22 |    43 |       ||    70
         Fulminant Prism   |       |       |    20 |     5 ||    25
         Iskenderun's Myst |       |       |     4 |     1 ||     5
  Evoke: Wand              |       |       |       |     1 ||     1
    Use: Scroll            |       |    11 |     3 |       ||    14
         Potion            |       |     1 |       |     3 ||     4
   Stab: Paralysed         |     1 |       |     4 |     1 ||     6
         Sleeping          |     1 |     2 |     1 |       ||     4
 Armour: Robe              |    17 |    39 |    43 |     8 ||   107
  Dodge: Dodged            |    28 |    50 |   133 |    46 ||   257

Table legend: (Time is in decaauts)
 A = Elapsed time spent in this place.
 B = Non-inter-level travel time spent in this place.
 C = Inter-level travel time spent in this place.
 D = Time resting spent in this place.
 E = Time spent auto-exploring this place.
 F = Levels seen in this place.
 G = Mean time per level.
                   A        B        C        D        E       F      G
               +--------+--------+--------+--------+--------+-----+--------+
         Total |   9351 |   9076 |    275 |   1409 |   6033 |  10 |  935.1 |
       Dungeon |   9239 |   8984 |    255 |   1409 |   5968 |   9 | 1026.6 |
        Temple |    112 |     92 |     20 |      0 |     65 |   1 |  112.0 |
               +--------+--------+--------+--------+--------+-----+--------+

Top non-repeatable levels by time:
     D:4: 1480 daAuts
     D:6: 1379 daAuts
     D:1: 1337 daAuts
     D:3: 1269 daAuts
     D:8: 1117 daAuts
     D:5: 1085 daAuts
     D:7: 803 daAuts
     D:2: 736 daAuts
  Temple: 112 daAuts
     D:9: 29 daAuts
